 Dungeon Crawl Stone Soup version 0.18.1-6-gd335043 (webtiles) character file.

81 NoLuckNoSkill the Skirmisher (level 4, 0/40 HPs)
             Began as a Hill Orc Fighter on May 17, 2016.
             Slain by an adder (2 damage)
             ... on level 3 of the Dungeon.
             The game lasted 00:02:11 (1674 turns).

NoLuckNoSkill the Skirmisher (Hill Orc Fighter)     Turns: 1674, Time: 00:02:12

Health: 0/40       AC:  5    Str: 19      XL:     4   Next: 40%
Magic:  13/13      EV:  7    Int:  7 (8)  God:
Gold:   129        SH:  9    Dex:  9 (10) Spells: 0 memorised, 3 levels left

rFire  . . .     SeeInvis .     a - +0 war axe
rCold  . . .     Gourm    .     b - +0 scale mail
rNeg   . . .     Faith    .     c - +0 shield
rPois  .         Spirit   .     (no helmet)
rElec  .         Dismiss  .     (no cloak)
rCorr  .         Reflect  .     (no gloves)
SustAt .         Harm     .     (no boots)
MR     .....                    (no amulet)
Stlth  ..........               g - -2 ring of protection (curse)
                                h - ring of magical power

@: lethally poisoned (0 -> -4), not resistant to hostile enchantments, extremely
unstealthy
A: no striking features
a: no special abilities


You were on level 3 of the Dungeon.
You were hungry.

You visited 1 branch of the dungeon, and saw 3 of its levels.

You collected 129 gold pieces.

Inventory:

Hand Weapons
 a - a +0 war axe (weapon)
Armour
 b - a +0 scale mail (worn)
 c - a +0 shield (worn)
Jewellery
 g - a cursed -2 ring of protection (right hand)
 h - a ring of magical power (left hand)
 p - an uncursed ring of fire
Wands
 m - a wand of flame (33/48)
 t - a wand of disintegration (22/24)
Scrolls
 e - a scroll of identify {unknown}
 i - 2 scrolls of noise {unknown}
 k - a scroll of remove curse {unknown}
 l - a scroll of fear {unknown}
 q - a scroll of random uselessness {unknown}
Potions
 d - a potion of might
 j - a potion of berserk rage {unknown}
 n - a potion of curing {unknown}
 o - a potion of lignification {unknown}
 s - a potion of magic {unknown}
 v - 2 potions of invisibility {unknown}
Comestibles
 f - 3 bread rations
 r - a royal jelly
 u - a beef jerky
 w - 3 fruits
 x - a chunk of flesh


   Skills:
 + Level 4.3 Fighting
 * Level 3.9 Axes
 + Level 3.8 Armour
 + Level 4.0 Shields


You had 3 spell levels left.
You didn't know any spells.

Dungeon Overview and Level Annotations

Branches:
Dungeon (3/15)

Altars:
Kikubaaqudgha
Ru


Message History

Your shield and scale mail prevent you from hitting the adder.
You feel sick. The adder bites you.
* * * LOW HITPOINT WARNING * * *
You slash the adder!
The adder is almost dead.
You feel sick. You block the adder's attack.
The adder bites you but does no damage.
You closely miss the adder.
The adder is almost dead.
You feel sick. The adder barely misses you. The adder bites you.
* * * LOW HITPOINT WARNING * * *
Your scale mail prevents you from hitting the adder.
The adder is almost dead.
* * * LOW HITPOINT WARNING * * *
You feel sick. You block the adder's attack. x2
Unknown command.
You miss the adder.
The adder is almost dead.
The adder bites you.
You die...

#.### ##.....##
#.## #. ##...##
#.### .. ##+##
#...# .# #. ###.#
#. #.# ##.# #.#
..##...#########.#
.......†.........#
..#..S@##########
##.#.# # #.# #.#
#.# #.# #.# (.#


You could see an adder.

Vanquished Creatures
  3 adders
  An ooze (D:2)
  2 worms (D:2)
  A dart slug (D:1)
  2 giant geckos (D:1)
  A ball python (D:1)
  4 giant cockroaches
  3 goblins (D:1)
  2 hobgoblins (D:1)
  3 jackals (D:1)
  6 kobolds
  A quokka (D:2)
  5 bats
  2 giant newts
  3 rats (D:1)
39 creatures vanquished.

Notes
Turn   | Place    | Note
--------------------------------------------------------------
     0 | D:1      | NoLuckNoSkill the Hill Orc Fighter began the quest for the Orb.
     0 | D:1      | Reached XP level 1. HP: 19/19 MP: 1/1
   159 | D:1      | Reached XP level 2. HP: 25/27 MP: 2/2
   361 | D:1      | You fall through a shaft!
   414 | D:2      | Found an ancient bone altar of Kikubaaqudgha.
   534 | D:1      | Reached XP level 3. HP: 27/33 MP: 3/3
  1066 | D:2      | Found a sacrificial altar of Ru.
  1120 | D:2      | Reached XP level 4. HP: 39/40 MP: 4/4
  1673 | D:3      | HP: 2/40 [poisoned by an adder]
  1674 | D:3      | Slain by an adder

Skill      XL: |  1  2  3  4 |
---------------+-------------+-----
Axes           | 3 |  3.9
Fighting       | 4 |  4.3
Shields        | 4 |  4.0
Armour         | |  3.8

Action                   |  1- 3 |  4- 6 || total
-------------------------+-------+-------++-------
Melee: War axe           |   121 |    31 ||   152
  Use: Potion            |     2 |       ||     2
  Eat: Chunk             |     1 |     1 ||     2
Armor: Scale mail        |    58 |    13 ||    71
Dodge: Dodged            |    44 |    14 ||    58
Block: Shield            |    67 |    14 ||    81
